AoeStats
← xalto

Nomad

511990653Analyzed
3v3 RM · 8d ago on Oct 7, 2026· 54m 16s· 6 players
Game mode
Random Map
Map size
210×210
Population
200
Speed
Normal
Resources
Standard
Victory
Conquest
Starting age
Dark Age
Ending age
Imperial Age
RankedLock teamsTeams togetherTeam positionsShared explorationLock speedFull tech treeHidden civsTurbo modeCheats
Victory
Defeat
🇫🇷 Tatars · France
1622
+10
🇺🇸 Varangians · United States
1594
+11
🇳🇴 Persians · Norway
1346
+22
vs
🇸🇪 Wu · Sweden
1549
-17
🇸🇪 Italians · Sweden
1470
-14
🇸🇪 Byzantines · Sweden
1427
-12
Jonathan
9:06 Loom
13:00 Feudal Age
13:49 Double-Bit Axe
18:46 Castle Age
19:18 Fletching
20:18 Bow Saw
21:17 Medium Warships
21:49 Bodkin Arrow
27:47 Red Cliffs Tactics
29:28 Padded Archer Armor
38:22 Leather Archer Armor
39:18 Ballistics
40:43 Stone Mining
william.e.svensson
5:18 Loom
13:39 Feudal Age
17:42 Castle Age
20:39 Fletching
23:39 Double-Bit Axe
27:35 Ballistics
Knilchs*
4:52 Loom
13:58 Feudal Age
17:44 Castle Age
17:23 Horse Collar
18:11 Double-Bit Axe
23:36 Wheelbarrow
23:39 Heavy Plow
25:29 Bow Saw
25:35 Medium Warships
25:55 Hand Cart
27:18 Scale Barding Armor
27:23 Forging
28:23 Husbandry
29:23 Chain Barding Armor
29:38 Iron Casting
30:40 Gold Mining
32:04 Gold Shaft Mining
35:57 Imperial Age
33:52 Treadmill Crane
34:13 Stone Mining
37:23 Plate Barding Armor
37:11 Conscription
36:16 Heavy Camel Rider
38:27 Elite Cataphract
40:23 Fortified Wall
40:39 Logistica
52:46 Fletching
xalto
13:09 Feudal Age
14:45 Double-Bit Axe
15:56 Gold Mining
17:47 Fishing Lines
19:44 Horse Collar
22:43 Wheelbarrow
27:10 Castle Age
25:41 Scale Barding Armor
25:46 Forging
27:27 Stone Mining
28:12 Chain Barding Armor
28:03 Forging
28:44 Wheelbarrow
27:54 Loom
28:54 Wheelbarrow
28:46 Medium Warships
28:44 Gillnets
29:02 Husbandry
30:14 Hand Cart
30:15 Heavy Plow
30:27 Bow Saw
31:20 Bloodlines
33:40 Padded Archer Armor
33:30 Fletching
35:04 Leather Archer Armor
34:58 Bodkin Arrow
35:44 Thumb Ring
35:00 Elite Skirmisher
36:21 Ballistics
43:17 Iron Casting
47:19 Imperial Age
48:13 Plate Barding Armor
49:05 Blast Furnace
47:44 Heavy Camel Rider
50:46 Ring Archer Armor
51:11 Crop Rotation
51:11 Conscription
[DOV] The_GothFather
8:23 Loom
14:56 Feudal Age
18:36 Castle Age
16:28 Double-Bit Axe
16:58 Fletching
17:13 Fishing Lines
17:52 Gold Mining
19:20 Bodkin Arrow
19:31 Town Watch
21:58 Forging
22:13 Bow Saw
25:35 Gillnets
28:15 Masonry
29:09 Scale Barding Armor
33:29 Imperial Age
32:24 Chain Barding Armor
35:55 Plate Barding Armor
40:40 Elite Jarl
42:00 Iron Casting
46:13 Blast Furnace
45:35 Conscription
46:15 Bloodlines
46:06 Husbandry
48:40 Bracer
51:45 Two-Man Saw
53:41 Siege Engineers
54:09 Architecture
54:00 Ballistics
Javisty
12:43 Feudal Age
16:15 Castle Age
15:13 Loom
15:44 Double-Bit Axe
18:11 Scale Barding Armor
25:34 Fletching
26:26 Fishing Lines
28:03 Horse Collar
31:37 Wheelbarrow
32:49 Chain Barding Armor
33:37 Forging
33:55 Gold Mining
34:17 Bow Saw
34:53 Stone Mining
35:26 Hand Cart
39:40 Imperial Age
37:56 Bodkin Arrow
38:01 Padded Archer Armor
38:40 Heavy Plow
38:26 Town Watch
39:41 Leather Archer Armor
40:10 Coinage
40:18 Ballistics
40:16 Husbandry
40:27 Bloodlines
39:37 Light Cavalry
41:00 Bracer
41:30 Ring Archer Armor
41:33 Banking
42:04 Chemistry
40:33 Heavy Cavalry Archer
42:11 Plate Barding Armor
42:19 Silk Armor
41:52 Heavy Camel Rider
43:16 Conscription
44:03 Iron Casting
43:52 Masonry
45:50 Siege Engineers
46:19 Crop Rotation
47:16 Timurid Siegecraft
50:04 Gold Shaft Mining
49:22 Pikeman
50:02 Squires
50:12 Scale Mail Armor
52:09 Hussar
52:18 Elite Keshik
54:24 Blast Furnace
54:16 Sappers
Connection lost

Rejoining the realm…

Still unreachable

The connection could not be restored.

Session expired

The server has moved on; the page needs a fresh start.